 Dungeon Crawl Stone Soup version 0.30-a0-42-g806c11bf1d (webtiles) character file.

Game seed: 16900278678285003771

200 Nattfarinn the Magician (level 5, -5/31 HPs)
             Began as a Gargoyle Venom Mage on Aug 30, 2022.
             Killed from afar by Grinder (10 damage)
             ... with a puff of flame
             ... while paralysed by Grinder
             ... on level 3 of the Dungeon.
             The game lasted 00:06:35 (3231 turns).

Nattfarinn the Magician (Gargoyle Venom Mage)       Turns: 3231, Time: 00:06:36

Health: -5/31      AC:  7    Str: 12    XL:     5   Next: 78%
Magic:  11/11      EV:  2    Int: 17    God:
Gold:   208        SH:  0    Dex: 10    Spells: 8/12 levels left

rFire   . . .      SeeInvis .    p - +2 dagger (vamp)
rCold   . . .      Faith    .    (no shield)
rNeg    + . .      Spirit   .    a - +0 robe
rPois   ∞          Reflect  .    (no helmet)
rElec   +          Harm     .    c - +0 cloak
rCorr   .          Rampage  .    (no gloves)
Will    .....                    (no boots)
Stlth   ++........               i - amulet of regeneration
HPRegen 0.90/turn                (no ring)
MPRegen 0.12/turn                (no ring)

@: paralysed, brilliant, flying
A: sickness immunity, AC +4, negative energy resistance 1, electricity
resistance, torment resistance 1, petrification resistance
a: no special abilities


You were on level 3 of the Dungeon.
You visited 1 branch of the dungeon, and saw 3 of its levels.

You collected 208 gold pieces.

Inventory:

Hand Weapons
 e - a +0 club
 p - a +2 vampiric dagger (weapon)
Armour
 a - a +0 robe (worn)
 c - a +0 cloak (worn)
Jewellery
 i - an amulet of regeneration (around neck)
 k - a ring of protection from cold
 o - a ring of protection from cold
 q - a ring of protection from fire
Scrolls
 d - a scroll of enchant weapon {unknown}
 l - a scroll of noise {unknown}
 m - a scroll of vulnerability {unknown}
 n - 2 scrolls of identify {unknown}
 r - a scroll of enchant armour {unknown}
 s - a scroll of amnesia {unknown}
Potions
 b - a potion of magic
 h - a potion of haste {unknown}
 j - a potion of curing {unknown}
 t - a potion of cancellation {unknown}


   Skills:
 + Level 2.6 Fighting
 + Level 2.7 Armour
 - Level 1.5 Dodging
 - Level 2.1 Stealth
 * Level 4.0 Spellcasting
 - Level 0.7 Transmutations
 - Level 3.0 Poison Magic


You had 8 spell levels left.
You knew the following spells:

 Your Spells              Type           Power      Damage    Failure   Level
a - Sting                 Tmut/Pois      56%        1d5       8%          1
b - Mephitic Cloud        Conj/Pois/Air  10%        N/A       30%         3

Your spell library contained the following spells:

 Spells                   Type           Power      Damage    Failure   Level
 Poisonous Vapours        Pois/Air       24%        N/A       13%         2
 Olgreb's Toxic Radiance  Pois           20%        N/A       41%         4


Dungeon Overview and Level Annotations

Branches:
Dungeon (3/15)

Altars:

Shops:
D:1 ([[*:

Annotations:
D:3 Grinder


Innate Abilities, Weirdness & Mutations

You are immune to sickness and miasma.
Your stone body is resilient. (AC +4)
You are immune to poison.
You resist negative energy. (rN+)
You are resistant to electric shocks. (rElec)
You are resistant to unholy torment.
You are immune to petrification.


Message History

Grinder zaps a wand.
The puff of flame hits you. Grinder barely misses you.
Unknown command.
You hit Grinder.
Grinder is lightly wounded.
Grinder barely misses you.
You hit Grinder but do no damage.
Grinder is lightly wounded.
Grinder zaps a wand.
The puff of flame hits you.
You barely miss Grinder.
Grinder is lightly wounded.
Grinder gestures at you. You resist with significant effort.
You completely miss Grinder.
Grinder is lightly wounded.
Grinder gestures at you. Pain shoots through your body!
You barely miss Grinder.
Grinder is lightly wounded.
Grinder zaps a wand.
The puff of flame hits you!
You closely miss Grinder.
Grinder is lightly wounded.
Grinder hits you.
* * * LOW HITPOINT WARNING * * *
You hit Grinder.
Grinder is moderately wounded.
Grinder hits you.
* * * LOW HITPOINT WARNING * * *
You writhe in agony.
* * * LOW HITPOINT WARNING * * *
It was a potion of brilliance.
You feel clever all of a sudden.
Grinder blinks!
It was a potion of flight.
You feel very buoyant.
You fly up into the air.
Grinder gestures at you.
You suddenly lose the ability to move!
Grinder zaps a wand.
The puff of flame hits you!
You die...

#.... ###....
#########......
#.........#####
######.######### #
#......## ######
#.#.....# ##.....
#.#5....######..####
#.#@....#......## #
#.#......).#########
#.#.................
#..................#
##..#.########..####
##..#.# ##<####
#...#.# #.....
##.##.## #####.
#.....### ##


You could see Grinder.

Vanquished Creatures
  A necrophage (D:2)
  2 orc priests (D:3)
  2 adders
  A worm (D:3)
  3 orcs
  6 endoplasms
  A giant cockroach (D:1)
  4 goblins
  6 hobgoblins
  4 kobolds
  3 quokkas
  8 ball pythons
  5 bats
  3 frilled lizards
  6 rats
55 creatures vanquished.

Notes
Turn   | Place    | Note
-------+----------+-------------------------------------------
     0 | D:1      | Nattfarinn the Gargoyle Venom Mage began the quest for the
                  | Orb.
     0 | D:1      | Reached XP level 1. HP: 10/10 MP: 3/3
   179 | D:1      | Reached XP level 2. HP: 9/16 MP: 0/5
   359 | D:1      | Found Coitrut's Armour Shoppe.
   359 | D:1      | You fall into a shaft and drop 1 floor!
   578 | D:1      | Found Sompekeu's Antique Weapon Shop.
   689 | D:1      | Found Ingeb's Antique Armour Shoppe.
   707 | D:1      | Found Quteatsat's Assorted Antiques.
   833 | D:1      | Reached skill level 1 in Armour
   876 | D:1      | Reached skill level 1 in Fighting
   988 | D:1      | Found Keirgher's Book Shoppe.
  1474 | D:2      | Reached XP level 3. HP: 20/20 MP: 5/7
  1579 | D:2      | Noticed a necrophage
  1633 | D:2      | Killed a necrophage
  1634 | D:2      | Reached skill level 3 in Spellcasting
  1634 | D:2      | Reached XP level 4. HP: 26/26 MP: 9/9
  1943 | D:2      | Found a faded altar of an unknown god.
  2491 | D:2      | Reached XP level 5. HP: 9/30 MP: 3/10
  2552 | D:2      | Learned a level 3 spell: Mephitic Cloud
  2746 | D:3      | Reached skill level 4 in Spellcasting
  3211 | D:3      | Noticed Grinder
  3230 | D:3      | Paralysed by Grinder for 2 turns
  3231 | D:3      | Killed from afar by Grinder

Illustrated notes

Levels and vault maps discovered:
D:1:      dpeg_arrival_boxorama, layout_basic, serial_shops, shop, shop,
          nicolae_shop_overgrown_old_shop, nicolae_shop_advertising_works
          [nicolae_subvault_shop_adworks], nicolae_shop_overgrown_old_shop,
          chequers_serial_rivers_small_b
D:2:      layout_basic, hellmonk_ecumenical_altar_arch_garden
D:3:      minmay_wonky_spiral, layout_rooms, uniq_grinder

Skill      XL: |  1  2  3  4  5 |
---------------+----------------+-----
Armour         | 1 2 |  2.7
Fighting       | 1 2 |  2.6
Spellcasting   | 3 4 |  4.0
Dodging        | |  1.5
Stealth        | |  2.1
Transmutations | |  0.7
Poison Magic   | |  3.0

Action                   |  1- 3 |  4- 6 || total
-------------------------+-------+-------++-------
Melee: Club              |    67 |    28 ||    95
       Punch             |     1 |       ||     1
       Dagger            |       |    25 ||    25
 Cast: Sting             |    38 |    44 ||    82
       Mephitic Cloud    |       |     3 ||     3
  Use: Potion            |     2 |     2 ||     4
 Stab: Invisible         |     2 |       ||     2
       Confused          |       |     1 ||     1
Armor: Robe              |    20 |    24 ||    44
       Skin              |    21 |       ||    21
Dodge: Dodged            |    49 |    58 ||   107

Table legend: (Time is in decaauts)
 A = Elapsed time spent in this place.
 B = Non-inter-level travel time spent in this place.
 C = Inter-level travel time spent in this place.
 D = Time resting spent in this place.
 E = Time spent auto-exploring this place.
 F = Levels seen in this place.
 G = Mean time per level.
                   A        B        C        D        E       F      G
               +--------+--------+--------+--------+--------+-----+--------+
         Total |   3259 |   3129 |    130 |    164 |   2495 |   3 | 1086.3 |
       Dungeon |   3259 |   3129 |    130 |    164 |   2495 |   3 | 1086.3 |
               +--------+--------+--------+--------+--------+-----+--------+

Top non-repeatable levels by time:
     D:1: 1327 daAuts
     D:2: 1199 daAuts
     D:3: 732 daAuts
